Unix NetHack Version 5.0.0-0 post-release - last build Jul 19 2026 19:10:59 (3aa4ab31751d3886436d94b585a96704892fd477,branch:main).

Game began 2026-07-23 22:40:10, ended 2026-07-23 22:57:36.

BeardyHaddock, neutral male gnomish Archeologist

                                         --.-
                                         :@...
                                         .^.<f
                                           ...G


                                            G         h
                                          e            f

BeardyHaddock the Field Worker  St:14 Dx:13 Co:10 In:16 Wi:14 Ch:9  Neutral
Dlvl:4  $:281 HP:0(21) Pw:17(17) AC:9  Xp:3 T:1435  Burdened

Latest messages:
 You swap places with your kitten.
 You start digging.
 You hit the rock with all your might.
 You make an opening in the wall.
 You kill the hobgoblin!
 You see here a hobgoblin corpse.
 Your kitten eats a hobgoblin corpse.
 You see here a chest.
 In what direction? 4
 You kick a chest.
 THUD!
 In what direction? 4
 You kick a chest.
 THUD!
 In what direction? 4
 You kick a chest.
 THUD!
 A board beneath the kitten squeaks a C note loudly.
 In what direction? 4
 You kick a chest.
 THUD!
 You break open the lock!
 You trigger a trap!
 You are jolted by a surge of electricity!
 Your copper wand breaks apart and explodes!
 You see here a broken chest.
 The chest is empty.
 You see here an empty broken chest.
 You find a hidden door.
 You fall down the stairs.
 The kitten misses the gnome lord.
 You hear some noises.
 The wererat changes into a rat.
 The wererat bites!
 The gnome lord wields a thonged club!
 The gnome lord secures the tether on the thonged club.
 The wererat changes into a human.
 The wererat hits!
 You hit the wererat!
 The wererat zaps a silver wand!
 The wererat has made a hole in the floor.
 The wererat falls through...
 You miss the iguana.
 The iguana bites!
 You die...
 Do you want your possessions identified? [ynq] (y) y
 Do you want to see your attributes? [ynq] (y) y
 Do you want an account of creatures vanquished? [ynaq] (y) n
 Do you want to see your conduct and achievements? [ynq] (y) n
 Do you want to see the dungeon overview? [ynq] (y) n

Inventory:
 Coins    ('$')
  $ - 281 gold pieces
 Weapons  (')')
  a - a +2 bullwhip (alternate weapon; not wielded)
 Armor    ('[')
  c - an uncursed +0 fedora (being worn)
  b - an uncursed +0 leather jacket (being worn)
  l - an uncursed very rotted +0 studded leather armor
 Comestibles  ('%')
  d - 6 uncursed food rations
 Scrolls  ('?')
  j - a blessed scroll of enchant armor
  n - an uncursed scroll of identify
  m - an uncursed scroll of remove curse
 Spellbooks  ('+')
  o - an uncursed spellbook of confuse monster
  q - an uncursed spellbook of jumping
 Tools    ('(')
  h - an empty uncursed sack
  e - a +0 pick-axe (weapon in left hand)
  s - an uncursed stethoscope
  f - a tinning kit (0:79)
 Gems/Stones  ('*')
  r - an uncursed worthless piece of white glass
  g - an uncursed touchstone

BeardyHaddock the Archeologist's attributes:

Background:
 You were a Field Worker, a level 3 male gnomish Archeologist.
 You were neutral, nominally on a mission for Camaxtli
 who was opposed by Quetzalcoatl (lawful) and Huhetotl (chaotic).
 You were left-handed.
 You were in the Gnomish Mines, on level 4.
 You entered the dungeon 1435 turns ago.
 It was nighttime.
 You had 51 experience points, 29 more were needed to attain level 4.

Basics:
 You had 0 out of 21 hit points.
 You had all 17 energy points (spell power).
 Your armor class was 9.
 Your wallet contained 281 zorkmids.
 Autopickup was off.

Final Characteristics:
 Your strength was 14 (limit:18/50).
 Your dexterity was 13 (limit:18).
 Your constitution was 10 (limit:18).
 Your intelligence was 16 (limit:19).
 Your wisdom was 14 (limit:18).
 Your charisma was 9 (limit:18).

Final Status:
 You weren't hungry.
 You were burdened; movement was slightly slowed.
 You were wielding a pick-axe.
 You had basic skill with pick-axe.

Final Attributes:
 You were devoutly aligned.
 You had automatic searching.
 You had infravision.
 You were lucky.
 You are dead.

Miscellaneous:
 You didn't encounter any bones levels.
 Total elapsed playing time was 17 minutes and 25 seconds.

Major events:
 Turn
    1: BeardyHaddock the neutral male gnomish Archeologist entered the dungeon
 1329: attained the rank of Field Worker (level 3)
 1429: entered the Gnomish Mines
 1435: killed by an iguana

Spells:
 Name                 Level Category     Fail Retention
 confuse monster        1   enchantment    0%  76%-100%
 jumping                1   escape         0%  76%-100%

Skills:
 Fighting Skills
   bare handed combat [Unskilled]
   two weapon combat  [Unskilled]
   riding             [Unskilled]
 Weapon Skills
   dagger             [Unskilled]
   knife              [Unskilled]
   pick-axe           [Basic]
   short sword        [Unskilled]
   saber              [Unskilled]
   club               [Unskilled]
   quarterstaff       [Unskilled]
   sling              [Unskilled]
   dart               [Unskilled]
   boomerang          [Unskilled]
   whip               [Basic]
   unicorn horn       [Unskilled]
 Spellcasting Skills
   attack spells      [Unskilled]
   healing spells     [Unskilled]
   divination spells  [Unskilled]
   matter spells      [Unskilled]

Voluntary challenges:
 Character rerolling was not enabled.
 You were an atheist.
 You never genocided any monsters.
 You never polymorphed an object.
 You never changed form.
 You used no wishes.
Achievements:
 You attained the rank of Field Worker.
 You entered the Gnomish Mines.

 The Dungeons of Doom: levels 1 to 3
    Level 1:
       Some fountains, a sink.
    Level 2:
       A fountain.
    Level 3:
       A sink, some graves.
       Stairs down to The Gnomish Mines.
 The Gnomish Mines:
    Level 4: <- You were here.
       Final resting place for
          you, killed by an iguana.


Vanquished creatures:
  2 coyotes
  a hobgoblin
  a giant rat
  a gnome zombie
  a gecko
  5 jackals
  2 foxes
  a kobold
  5 sewer rats
  5 lichens
  3 newts
27 creatures vanquished.

No species were genocided or became extinct.

Game over:
                       ----------
                      /          \
                     /    REST    \
                    /      IN      \
                   /     PEACE      \
                  /                  \
                  |  BeardyHaddock   |
                  |      281 Au      |
                  |   killed by an   |
                  |      iguana      |
                  |                  |
                  |                  |
                  |       2026       |
                 *|     *  *  *      | *
        _________)/\\_//(\/(/\)/\//\/|_)_______

Goodbye BeardyHaddock the Archeologist...

You died in The Gnomish Mines on dungeon level 4 with 607 points,
and 281 pieces of gold, after 1435 moves.
You were level 3 with a maximum of 21 hit points when you died.

